 Dungeon Crawl Stone Soup version 0.30-a0-509-gd016549fea (webtiles) character file.

Game seed: 9287363293877661869

112 ragingrage the Magician (level 4, -3/37 HPs)
             Began as a Demigod Wanderer on Dec 22, 2022.
             Slain by a black bear (6 damage)
             ... on level 4 of the Dungeon.
             The game lasted 00:03:16 (2719 turns).

ragingrage the Magician (Demigod Wanderer)          Turns: 2719, Time: 00:03:16

Health: -3/37      AC:  2    Str: 11    XL:     4   Next: 37%
Magic:  6/13       EV: 10    Int: 14    God:
Gold:   168        SH:  4    Dex: 19    Spells: 10/12 levels left

rFire   + . .      SeeInvis .    a - +4 dagger
rCold   + . .      Faith    .    w - +0 buckler
rNeg    . . .      Spirit   .    f - +0 robe {rC+ rF+}
rPois   .          Reflect  .    (no helmet)
rElec   .          Harm     .    (no cloak)
rCorr   .          Rampage  .    (no gloves)
Will    .....                    (no boots)
Stlth   ++........               (no amulet)
HPRegen 0.26/turn                (no ring)
MPRegen 0.13/turn                (no ring)

@: no status effects
A: high MP 1, forlorn, divine attributes
a: no special abilities


You were on level 4 of the Dungeon.
You visited 1 branch of the dungeon, and saw 4 of its levels.

You collected 168 gold pieces.

Inventory:

Hand Weapons
 a - a +4 dagger (weapon)
 t - a +0 falchion
Missiles
 b - 6 curare-tipped darts
 u - 4 poisoned darts
 y - 6 javelins
 C - 3 datura-tipped darts
Armour
 f - a +0 robe of resistance (worn)
 w - a +0 buckler (worn)
Wands
 o - a wand of acid (9)
 A - a wand of paralysis (9)
Scrolls
 d - a scroll of butterflies {unknown}
 g - 3 scrolls of identify {unknown}
 h - a scroll of acquirement {unknown}
 i - a scroll of enchant armour {unknown}
 j - a scroll of amnesia {unknown}
 l - a scroll of vulnerability {unknown}
 n - a scroll of magic mapping {unknown}
 p - 2 scrolls of enchant weapon
 q - 3 scrolls of blinking {unknown}
 r - 2 scrolls of immolation
 x - a scroll of teleportation {unknown}
Potions
 c - a potion of brilliance
 e - a potion of berserk rage {unknown}
 k - 3 potions of lignification {unknown}
 m - 4 potions of curing
 s - 2 potions of degeneration {unknown}
 v - a potion of magic {unknown}
 z - a potion of resistance {unknown}
 B - a potion of flight {unknown}


   Skills:
 - Level 2.7 Fighting
 + Level 1.0 Long Blades
 - Level 2.6 Throwing
 + Level 1.5 Stealth
 - Level 4.5 Spellcasting
 * Level 2.5 Conjurations


You had 10 spell levels left.
You knew the following spells:

 Your Spells              Type           Power      Damage    Failure   Level
a - Searing Ray           Conj           20%        2d5       14%         2

Your spell library contained the following spells:

 Spells                   Type           Power      Damage    Failure   Level
 Kiss of Death            Conj/Necr      24%        2d7       16%         1
 Momentum Strike          Conj/Tloc      12%        3d8       22%         2
 Confusing Touch          Hex            3%         N/A       58%         3
 Dispel Undead            Necr           3%         3d7       94%         4


Dungeon Overview and Level Annotations

Branches:
Dungeon (4/15)
 Temple: D:4-7

Shops:
D:3 [


Innate Abilities, Weirdness & Mutations

You have an increased reservoir of magic. (+10% MP)
You shall have no god before yourself.
Your divine heritage dramatically boosts your attributes as you level up.


Message History

You start waiting.
Done waiting.
Casting: Searing Ray (safe; 14% risk of failure)
Confirm with . or Enter, or press ? or * to list all spells.
Okay, then.
You climb downwards.
There is a stone staircase leading up here.
Found a leather armour.
The black bear growls angrily.
The black bear closely misses you. The black bear claws you.
The black bear barely misses you.
Aiming: Searing Ray (safe; 14% risk of failure)
Press: ? - help, Q - select action, (/) - cycle Shift-Dir - straight line, f - black bear
Aim: a black bear (82% to hit)
The searing ray hits the black bear.
The black bear is lightly wounded. (Press . to maintain the ray.)
The black bear barely misses you. The black bear closely misses you.
You block the black bear's attack.
The searing ray hits the black bear.
The black bear is moderately wounded.
The black bear misses you. x2; The black bear closely misses you.
The searing ray hits the black bear.
The black bear is heavily wounded.
The black bear bites you. The black bear claws you. x2
The searing ray hits the black bear.
The black bear is severely wounded.
You finish channelling your searing ray.
The black bear goes berserk!
Aiming: Searing Ray (safe; 14% risk of failure)
Press: ? - help, Q - select action, (/) - cycle Shift-Dir - straight line, f/p - black bear
Aim: a black bear (severely wounded, berserk, 82% to hit)
The searing ray hits the black bear.
The black bear is almost dead. (Press . to maintain the ray.)
The black bear bites you! The black bear claws you. x2
The black bear bites you!
* * * LOW HITPOINT WARNING * * *
The black bear claws you.
You die...

..≈§§§..§.§.....
..≈.§§.≈≈.≈.....
..≈..§§...≈.....
..≈≈≈≈≈≈≈≈≈.....
#............#
..#..#<#....#
##...#....#
###.#....#
#...@h.#
#........###
#.#.!....#
#.###.## ... #.#
#.#. #.# #.# #?#
. [.#


You could see a black bear (berserk).

Vanquished Creatures
  An iguana (D:3)
  3 adders
  3 dart slugs
  5 orcs
  5 bats
  6 endoplasms
  2 giant cockroaches
  6 goblins
  5 hobgoblins
  A quokka (D:2)
  2 ball pythons (D:1)
  2 frilled lizards
  3 kobolds
  2 rats
  A spectral goblin (D:1)
47 creatures vanquished.

Notes
Turn   | Place    | Note
-------+----------+-------------------------------------------
     0 | D:1      | ragingrage the Demigod Wanderer began the quest for the
                  | Orb.
     0 | D:1      | ragingrage set off with the following items: a +3 dagger, 3
                  | curare-tipped darts, a potion of brilliance, a +0 robe; and
                  | the following spells available to memorise: Momentum
                  | Strike, Searing Ray.
     0 | D:1      | Reached XP level 1. HP: 17/17 MP: 8/8
   318 | D:1      | Reached XP level 2. HP: 22/25 MP: 10/10
   388 | D:1      | Learned a level 2 spell: Searing Ray
   985 | D:2      | Reached skill level 1 in Conjurations
  1128 | D:2      | Reached XP level 3. HP: 27/30 MP: 11/11
  1556 | D:2      | Reached skill level 1 in Stealth
  2044 | D:3      | Reached XP level 4. HP: 33/37 MP: 3/13
  2159 | D:3      | Found Jeystel's Armour Emporium.
  2518 | D:4      | Noticed a black bear
  2536 | D:3      | Reached skill level 1 in Long Blades
  2719 | D:4      | Slain by a black bear

Illustrated notes

Levels and vault maps discovered:
D:1:      dpeg_arrival_round_b, layout_basic,
          dreamdust_ecumenical_altar_drowned_temple
D:2:      layout_loops_ring, serial_bayou_pond_d, kennysheep_generic_room_3
D:3:      layout_rooms, serial_shops, nicolae_diamond_shop, minivault_5
D:4:      layout_loops_cross, general_overflow_altar,
          mainiacjoe_overflow_concentric_impassable,
          nicolae_tso_swordbearing_angel, uniq_robin

Skill      XL: |  1  2  3  4 |
---------------+-------------+-----
Fighting       | 2 |  2.7
Conjurations   | 1 2 |  2.5
Stealth        | 1 |  1.5
Long Blades    | 1 |  1.0
Throwing       | |  2.6
Spellcasting   | |  4.5

Action                   |  1- 3 |  4- 6 || total
-------------------------+-------+-------++-------
Melee: Dagger            |    97 |    11 ||   108
       Punch             |     2 |       ||     2
 Cast: Searing Ray       |     4 |     5 ||     9
  Use: Scroll            |     2 |       ||     2
       Potion            |       |     1 ||     1
 Stab: Sleeping          |     5 |     2 ||     7
Armor: Robe              |    22 |     1 ||    23
Dodge: Dodged            |    56 |    14 ||    70
Block: Buckler           |     2 |     2 ||     4

Table legend: (Time is in decaauts)
 A = Elapsed time spent in this place.
 B = Non-inter-level travel time spent in this place.
 C = Inter-level travel time spent in this place.
 D = Time resting spent in this place.
 E = Time spent auto-exploring this place.
 F = Levels seen in this place.
 G = Mean time per level.
                   A        B        C        D        E       F      G
               +--------+--------+--------+--------+--------+-----+--------+
         Total |   2728 |   2600 |    128 |    548 |   1588 |   4 |  682.0 |
       Dungeon |   2728 |   2600 |    128 |    548 |   1588 |   4 |  682.0 |
               +--------+--------+--------+--------+--------+-----+--------+

Top non-repeatable levels by time:
     D:3: 1022 daAuts
     D:2: 867 daAuts
     D:1: 816 daAuts
     D:4: 21 daAuts
